 Dungeon Crawl Stone Soup version 0.30-a0-263-ge22c4ad894 (webtiles) character file.

Game seed: 4004847521906805556

2384 brknglss the Magician (level 9, -12/66 HPs)
             Began as a Gnoll Fire Elementalist on Oct 13, 2022.
             Was a Follower of Vehumet.
             Mangled by Gastronok (34 damage)
             ... on level 9 of the Dungeon.
             The game lasted 00:22:46 (7613 turns).

brknglss the Magician (Gnoll Fire Elementalist)     Turns: 7613, Time: 00:22:47

Health: -12/66     AC:  8    Str:  9    XL:     9   Next: 45%
Magic:  3/19       EV: 14    Int: 18    God:    Vehumet [*.....]
Gold:   273        SH:  0    Dex: 14    Spells: 14/21 levels left

rFire   + + .      SeeInvis +    z - +5 flail (protect)
rCold   . . .      Faith    .    (no shield)
rNeg    . . .      Spirit   .    y - +0 leather armour {rF+}
rPois   +          Reflect  .    (no helmet)
rElec   .          Harm     .    s - +2 cloak {rPois}
rCorr   .          Rampage  .    (no gloves)
Will    .....                    w - +0 pair of boots of Twilight {rF+ Str+2 SInv}
Stlth   +++.......               (no amulet)
HPRegen 0.31/turn                (no ring)
MPRegen 0.16/turn                (no ring)

@: slowed, very slow
A: fangs 1, strong nose, distributed training
a: Renounce Religion


You were on level 9 of the Dungeon.
You worshipped Vehumet.
Vehumet was aware of your devotion.
You visited 2 branches of the dungeon, and saw 9 of its levels.

You collected 468 gold pieces.
You spent 195 gold pieces at shops.

Inventory:

Hand Weapons
 n - a +2 vorpal spear
 z - a +5 flail of protection (weapon)
Missiles
 r - 19 poisoned darts
Armour
 s - a +2 cloak of poison resistance (worn)
 w - the +0 pair of boots of Twilight (worn) {rF+ Str+2 SInv}
   (You found it on level 4 of the Dungeon)

   Str:       It affects your strength (+2).
   rF:        It protects you from fire.
   SInv:      It lets you see invisible.
 y - a +0 leather armour of fire resistance (worn)
Magical Staves
 d - a staff of death
Jewellery
 q - a ring of flight
 F - a ring of poison resistance
Wands
 i - a wand of quicksilver (14)
 o - a wand of mindburst (8)
Scrolls
 c - a scroll of enchant weapon {unknown}
 h - a scroll of vulnerability {unknown}
 l - a scroll of silence {unknown}
 m - a scroll of teleportation {unknown}
 p - a scroll of amnesia {unknown}
 t - a scroll of fear {unknown}
 v - 2 scrolls of fog {unknown}
 x - a scroll of torment {unknown}
 B - a scroll of brand weapon {unknown}
 C - 2 scrolls of immolation {unknown}
 D - a scroll of poison {unknown}
Potions
 a - a potion of heal wounds
 b - a potion of magic
 e - a potion of ambrosia
 f - 5 potions of curing
 g - 2 potions of cancellation
 j - 3 potions of flight
 k - 2 potions of resistance {unknown}
 u - a potion of attraction {unknown}
 A - a potion of mutation {unknown}
 E - 2 potions of brilliance {unknown}


   Skills:
 + Level 4.4 Fighting
 + Level 4.4 Short Blades
 + Level 4.4 Long Blades
 + Level 4.4 Axes
 + Level 4.4 Maces & Flails
 + Level 4.4 Polearms
 + Level 4.4 Staves
 + Level 4.4 Ranged Weapons
 + Level 4.4 Throwing
 + Level 4.4 Armour
 + Level 6.4 Dodging
 + Level 6.2 Stealth
 + Level 4.4 Shields
 + Level 4.4 Unarmed Combat
 + Level 6.7 Spellcasting
 + Level 4.3 Conjurations
 + Level 3.6 Hexes
 + Level 3.6 Summonings
 + Level 3.6 Necromancy
 + Level 3.6 Translocations
 + Level 3.6 Transmutations
 + Level 6.6 Fire Magic
 + Level 3.6 Ice Magic
 + Level 3.6 Air Magic
 + Level 3.6 Earth Magic
 + Level 3.6 Poison Magic
 + Level 4.9 Invocations
 + Level 4.4 Evocations


You had 14 spell levels left.
You knew the following spells:

 Your Spells              Type           Power      Damage    Failure   Level
a - Foxfire               Conj/Fire      100%       2x1d9     1%          1
b - Scorch                Fire           60%        2d8       1%          2
c - Flame Wave            Conj/Fire      25%        2d8       16%         4

Your spell library contained the following spells:

 Spells                   Type           Power      Damage    Failure   Level
 Magic Dart               Conj           84%        1d7       2%          1
 Ensorcelled Hibernation  Hex/Ice        38%        N/A       4%          2
 Inner Flame              Hex/Fire       24%        N/A       5%          3
 Kindle Blastsparks       Fire/Tloc/Air  44%        2d13      7%          3
 Spider Form              Tmut/Pois      19%        N/A       10%         3
 Vhi's Electric Charge    Tloc/Air       38%        N/A       10%         3
 Anguish                  Hex/Necr       9%         N/A       32%         4
 Arcjolt                  Conj/Air       10%        1d20      63%         5
 Maxwell's Capacitive Co  Air            9%         ∞         100%        8


Dungeon Overview and Level Annotations

Branches:
Dungeon (7/15)             Temple (1/1) D:4

Altars:
Ashenzari
Cheibriados
Elyvilon
Fedhas
Nemelex Xobeh
Okawaru
Sif Muna
Vehumet
The Shining One

Shops:
D:2 [   D:7 *

Annotations:
D:9 Gastronok


Innate Abilities, Weirdness & Mutations

You have very sharp teeth.
Your uncanny sense of smell can sniff out nearby items.
Your experience applies equally to all skills.


Message History

Casting: Scorch (safe; 1% risk of failure)
Confirm with . or Enter, or press ? or * to list all spells.
Flames lash the killer bee.
The killer bee is burned terribly!
You kill the killer bee!
Vehumet accepts your kill.
Casting: Scorch (safe; 1% risk of failure)
Confirm with . or Enter, or press ? or * to list all spells.
Flames lash Gastronok.
Gastronok is lightly wounded.
Gastronok's fire resistance burns away.
Casting: Scorch (safe; 1% risk of failure)
Confirm with . or Enter, or press ? or * to list all spells.
Flames lash Gastronok.
Gastronok is burned terribly!
Gastronok is lightly wounded.
Casting: Scorch (safe; 1% risk of failure)
Confirm with . or Enter, or press ? or * to list all spells.
Flames lash Gastronok.
Gastronok is burned terribly!
Gastronok is moderately wounded.
Casting: Scorch (safe; 1% risk of failure)
Confirm with . or Enter, or press ? or * to list all spells.
Flames lash Gastronok.
Gastronok is burned terribly!
Gastronok is moderately wounded.
Gastronok bites you!
Casting: Scorch (safe; 1% risk of failure)
Confirm with . or Enter, or press ? or * to list all spells.
Flames lash Gastronok.
Gastronok is burned terribly!
Gastronok is moderately wounded.
Gastronok bites you!
* * * LOW HITPOINT WARNING * * *
Casting: Scorch (safe; 1% risk of failure)
Confirm with . or Enter, or press ? or * to list all spells.
Flames lash Gastronok.
Gastronok is burned terribly!
Gastronok is heavily wounded.
Casting: Scorch (safe; 1% risk of failure)
Confirm with . or Enter, or press ? or * to list all spells.
Flames lash Gastronok.
Gastronok is burned terribly!
Gastronok is heavily wounded.
Gastronok bites you!!
Ouch! That really hurt!
You die...

#.....###>##.........#
#.......#............#
#....##.###..........#
#....##....#.........#
########..[..........#
#.#.######.#### #..#.#
#.# ...##w# #.# ####
#@# ##.# #.# ##..#
#.####..## #....#.##
####.#.# #...# #####


You could see Gastronok (combustible).

Vanquished Creatures
  A hornet (D:7)
  Sigmund (D:4)
  A wyvern (D:7)
  Edmund (D:3)
  Menkaure (D:4)
  A black bear (D:5)
  A sky beast (D:7)
  2 ogres
  2 centaurs
  2 bullfrogs
  2 necrophages
  2 scorpions
  5 killer bees
  5 hounds
  A jelly (D:5)
  3 iguanas
  An orc wizard (D:4)
  Ijyb (D:4)
  7 adders
  3 gnolls (D:4)
  A shadow imp (D:3)
  2 white imps
  2 ufetubi (D:5)
  4 worms
  4 dart slugs
  8 orcs
  11 ball pythons
  6 bats
  8 endoplasms
  2 giant cockroaches
  5 goblins
  6 hobgoblins
  3 jackals (D:2)
  14 kobolds
  8 quokkas
  5 frilled lizards
  5 rats
137 creatures vanquished.

Vanquished Creatures (others)
  232 foxfires
  A fungus (D:3)
  6 toadstools (D:3)
239 creatures vanquished.

Grand Total: 376 creatures vanquished

Notes
Turn   | Place    | Note
-------+----------+-------------------------------------------
     0 | D:1      | brknglss the Gnoll Fire Elementalist began the quest for
                  | the Orb.
     0 | D:1      | Reached XP level 1. HP: 13/13 MP: 6/6
    88 | D:1      | Reached XP level 2. HP: 15/19 MP: 1/7
   616 | D:1      | Reached skill level 5 in Spellcasting
   616 | D:1      | Reached XP level 3. HP: 25/25 MP: 0/9
  1049 | D:1      | Reached skill level 1 in Invocations
  1258 | D:2      | Learned a level 2 spell: Scorch
  1324 | D:2      | Reached skill level 1 in Fighting
  1324 | D:2      | Reached skill level 1 in Short Blades
  1324 | D:2      | Reached skill level 1 in Long Blades
  1324 | D:2      | Reached skill level 1 in Axes
  1324 | D:2      | Reached skill level 1 in Maces & Flails
  1324 | D:2      | Reached skill level 1 in Polearms
  1324 | D:2      | Reached skill level 1 in Staves
  1324 | D:2      | Reached skill level 1 in Ranged Weapons
  1324 | D:2      | Reached skill level 1 in Throwing
  1324 | D:2      | Reached skill level 1 in Armour
  1324 | D:2      | Reached skill level 1 in Shields
  1324 | D:2      | Reached skill level 1 in Unarmed Combat
  1324 | D:2      | Reached skill level 1 in Evocations
  1493 | D:2      | Reached XP level 4. HP: 32/32 MP: 3/11
  1688 | D:2      | Reached skill level 1 in Hexes
  1688 | D:2      | Reached skill level 1 in Summonings
  1688 | D:2      | Reached skill level 1 in Necromancy
  1688 | D:2      | Reached skill level 1 in Translocations
  1688 | D:2      | Reached skill level 1 in Transmutations
  1688 | D:2      | Reached skill level 1 in Ice Magic
  1688 | D:2      | Reached skill level 1 in Air Magic
  1688 | D:2      | Reached skill level 1 in Earth Magic
  1688 | D:2      | Reached skill level 1 in Poison Magic
  1896 | D:2      | Found Maqafuq's Antique Armour Boutique.
  2289 | D:2      | Bought an embroidered cloak for 195 gold pieces
  2675 | D:3      | Reached XP level 5. HP: 35/37 MP: 12/12
  2687 | D:3      | Learned a level 4 spell: Flame Wave
  3229 | D:4      | Identified the +0 pair of boots of Twilight {rF+ Str+2
                  | SInv}
  3461 | D:4      | Reached XP level 6. HP: 35/44 MP: 0/14
  3635 | D:4      | Found a staircase to the Ecumenical Temple.
  3644 | D:4      | Reached skill level 5 in Dodging
  3647 | Temple   | Entered the Ecumenical Temple
  3749 | Temple   | Became a worshipper of Vehumet
  3890 | D:4      | Noticed Ijyb
  3899 | D:4      | Killed Ijyb
  4047 | D:4      | Noticed Sigmund
  4056 | D:4      | Killed Sigmund
  4057 | D:4      | Reached XP level 7. HP: 51/51 MP: 6/15
  4226 | D:4      | Noticed Menkaure
  4233 | D:4      | Killed Menkaure
  4234 | D:4      | Reached skill level 5 in Stealth
  4482 | D:4      | Noticed Edmund
  4560 | D:3      | Killed Edmund
  5093 | D:5      | Entered Level 5 of the Dungeon
  5140 | D:5      | Reached XP level 8. HP: 58/58 MP: 9/16
  6541 | D:6      | Reached * piety under Vehumet
  6541 | D:6      | Offered knowledge of Magic Dart by Vehumet.
  6971 | D:7      | Found Ethryfiexe's General Store.
  7096 | D:7      | Reached XP level 9. HP: 47/65 MP: 11/18
  7233 | D:7      | Noticed a hornet
  7287 | D:7      | Killed a hornet
  7547 | D:7      | You fall into a shaft and drop 2 floors!
  7585 | D:9      | Noticed Gastronok
  7613 | D:9      | Mangled by Gastronok

Illustrated notes

Levels and vault maps discovered:
D:1:      elethiomel_arrival_infinity_welcomes_careful_drivers, layout_rooms
D:2:      layout_basic, serial_shops, nicolae_square_shop
D:3:      layout_loops_ring, grunt_ministairs_1, minmay_gold_behind_fungi,
          minmay_goblin_kobold_house
D:4:      layout_loops_corners, minmay_temple_entry_trees, grunt_ministairs_2,
          uniq_edmund, uniq_ijyb, uniq_menkaure, uniq_sigmund
D:5:      layout_gridville, minmay_door_square
D:6:      layout_basic, serial_rivers, chequers_serial_rivers_micro_d,
          chequers_serial_rivers_room_a, chequers_serial_rivers_micro_c,
          chequers_serial_rivers_micro_d
D:7:      layout_loops_cross, serial_shops, shop_statue, kennysheep_mini_moat,
          st_stairs_2, uniq_prince_ribbit1
D:9:      minmay_cornered_nines, layout_rooms, nicolae_shop_overcharged_wands,
          uniq_gastronok, uniq_pikel
Temple:   mainiacjoe_temple_archimedes_tessellation

Skill      XL: |  1  2  3  4  5  6  7  8  9 |
---------------+----------------------------+-----
Conjurations   | 2 3 4 |  4.3
Spellcasting   | 5 6 |  6.7
Invocations    | 1 2 3 4 |  4.9
Fighting       | 1 2 3 4 |  4.4
Short Blades   | 1 2 3 4 |  4.4
Long Blades    | 1 2 3 4 |  4.4
Axes           | 1 2 3 4 |  4.4
Maces & Flails | 1 2 3 4 |  4.4
Polearms       | 1 2 3 4 |  4.4
Staves         | 1 2 3 4 |  4.4
Ranged Weapons | 1 2 3 4 |  4.4
Throwing       | 1 2 3 4 |  4.4
Armour         | 1 2 3 4 |  4.4
Shields        | 1 2 3 4 |  4.4
Unarmed Combat | 1 2 3 4 |  4.4
Evocations     | 1 2 3 4 |  4.4
Hexes          | 1 2 3 |  3.6
Summonings     | 1 2 3 |  3.6
Necromancy     | 1 2 3 |  3.6
Translocations | 1 2 3 |  3.6
Transmutations | 1 2 3 |  3.6
Ice Magic      | 1 2 3 |  3.6
Air Magic      | 1 2 3 |  3.6
Earth Magic    | 1 2 3 |  3.6
Poison Magic   | 1 2 3 |  3.6
Dodging        | 5 6 |  6.4
Stealth        | 5 6 |  6.2
Fire Magic     | 6 |  6.6

Action                   |  1- 3 |  4- 6 |  7- 9 || total
-------------------------+-------+-------+-------++-------
Melee: Mace              |    12 |     5 |       ||    17
       Spear             |       |    97 |    10 ||   107
       Bite              |       |     6 |     8 ||    14
       Punch             |       |     4 |     3 ||     7
       Flail             |       |       |    57 ||    57
 Cast: Foxfire           |    69 |    35 |    44 ||   148
       Scorch            |     4 |    26 |    62 ||    92
       Flame Wave        |       |       |     1 ||     1
Evoke: Wand              |       |       |     4 ||     4
  Use: Scroll            |       |       |     6 ||     6
 Stab: Sleeping          |       |     7 |     2 ||     9
Armor: Robe              |    13 |    29 |       ||    42
       Leather armour    |       |     4 |    60 ||    64
Dodge: Dodged            |    39 |    92 |   155 ||   286

Table legend: (Time is in decaauts)
 A = Elapsed time spent in this place.
 B = Non-inter-level travel time spent in this place.
 C = Inter-level travel time spent in this place.
 D = Time resting spent in this place.
 E = Time spent auto-exploring this place.
 F = Levels seen in this place.
 G = Mean time per level.
                   A        B        C        D        E       F      G
               +--------+--------+--------+--------+--------+-----+--------+
         Total |   7644 |   7319 |    325 |   1997 |   3554 |   9 |  849.3 |
       Dungeon |   7457 |   7194 |    263 |   1997 |   3445 |   8 |  932.1 |
        Temple |    187 |    125 |     62 |      0 |    109 |   1 |  187.0 |
               +--------+--------+--------+--------+--------+-----+--------+

Top non-repeatable levels by time:
     D:4: 1549 daAuts
     D:3: 1266 daAuts
     D:1: 1252 daAuts
     D:5: 1108 daAuts
     D:2: 845 daAuts
     D:6: 719 daAuts
     D:7: 637 daAuts
  Temple: 187 daAuts
     D:9: 78 daAuts
